[Event "V Sunway Sitges Open 2018"]
[Site "Sitges"]
[Date "2018.12.14"]
[Round "1"]
[White "Haisma, Henk"]
[Black "Isaksson, Max"]
[Result "1-0"]
[ECO "A00"]
[WhiteElo "1807"]
[BlackElo "1409"]
[Annotator "NA RC"]
[PlyCount "91"]
[EventDate "2018.12.14"]
[EventType "swiss"]
[EventCountry "ESP"]
[SourceTitle "playchess.com"]
[Source "ChessBase"]
[SourceQuality "1"]
[TimeControl "40/5400+30:1800+30"]

1. b4 d5 2. Bb2 Nf6 3. a3 Bf5 4. e3 e6 5. Nf3 Bd6 6. c4 c6 7. d3 Nbd7 8. Nbd2 O-O 9. d4 Ne4 10. Be2 Qf6 11. g3 Nxd2 12. Nxd2 Qg6 13. Bh5 Qh6 14. c5 Bc7 15. f4 Nf6 16. Bf3 Qh3 17. Qe2 Bg4 18. O-O-O Bxf3 19. Nxf3 a5 20. Qe1 Qg4 21. Ng5 h6 22. h3 Qf5 23. g4 Qg6 24. Nf3 Qe4 25. Ne5 axb4 26. axb4 Ra2 27. Nd3 Rfa8 28. Qe2 b6 29. Nf2 Qh7 30. Qd3 Qxd3 31. Nxd3 b5 32. Nf2 R8a4 33. Kb1 Ra8 34. h4 R2a4 35. Bc3 Ra3 36. Kc2 Ra2+ 37. Bb2 R8a3 38. Kb1 Ra8 39. g5 hxg5 40. hxg5 Ne4 41. Nxe4 dxe4 42. Rh3 g6 43. Rdh1 Kg7 44. d5+ Rxb2+ 45. Kxb2 exd5 46. Rh7+ 1-0

[Event "V Sunway Sitges Open 2018"]
[Site "Sitges"]
[Date "2018.12.14"]
[Round "1"]
[White "Castells Pagan, Raul"]
[Black "Pedashenko, Anatoly"]
[Result "0-1"]
[ECO "D37"]
[WhiteElo "1745"]
[BlackElo "1985"]
[Annotator "NA RC"]
[PlyCount "60"]
[EventDate "2018.12.14"]
[EventType "swiss"]
[EventCountry "ESP"]
[SourceTitle "playchess.com"]
[Source "ChessBase"]
[SourceQuality "1"]
[TimeControl "40/5400+30:1800+30"]

1. d4 Nf6 2. Nf3 d5 3. c4 e6 4. Nc3 Be7 5. e3 O-O 6. Bd3 b6 7. cxd5 exd5 8. h3 Bb7 9. O-O Nbd7 10. Re1 Ne4 11. Qc2 Ndf6 12. Nd2 Re8 13. Bb5 Rf8 14. Bd3 Ng5 15. f4 Ne6 16. Nf3 c5 17. f5 Nc7 18. b3 Re8 19. Bb2 Bd6 20. g4 Bg3 21. g5 Bxe1 22. Rxe1 Ne4 23. Qg2 cxd4 24. Nxd4 Nxg5 25. f6 Qxf6 26. Rf1 Qe5 27. Nf5 h6 28. Ne4 d4 29. Bxd4 Bxe4 30. Bxe4 Qxe4 0-1

[Event "V Sunway Sitges Open 2018"]
[Site "Sitges"]
[Date "2018.12.14"]
[Round "1"]
[White "Isaksson, Philip"]
[Black "Peredo Claros, Luis Gabriel"]
[Result "0-1"]
[ECO "C01"]
[WhiteElo "1459"]
[BlackElo "1813"]
[Annotator "NA RC"]
[PlyCount "44"]
[EventDate "2018.12.14"]
[EventType "swiss"]
[EventCountry "ESP"]
[SourceTitle "playchess.com"]
[Source "ChessBase"]
[SourceQuality "1"]
[TimeControl "40/5400+30:1800+30"]

1. e4 e6 2. d4 d5 3. exd5 exd5 4. Bd3 Bd6 5. Qf3 Ne7 6. Ne2 c6 7. c3 Qc7 8. Bf4 O-O 9. O-O Ng6 10. Bxd6 Qxd6 11. Qg3 Qd8 12. Nf4 Nd7 13. Nd2 Nf6 14. h3 Bd7 15. Rae1 Qb6 16. Nb3 Rae8 17. Nxg6 fxg6 18. Qd6 Bc8 19. g4 Ne4 20. Qh2 Ng5 21. f4 Rxe1 22. Rxe1 Nf3+ 0-1

[Event "V Sunway Sitges Open 2018"]
[Site "Sitges"]
[Date "2018.12.14"]
[Round "1"]
[White "Stroup, James Howard"]
[Black "Jenny, Gerald"]
[Result "1/2-1/2"]
[ECO "D02"]
[WhiteElo "1394"]
[BlackElo "1807"]
[Annotator "NA RC"]
[PlyCount "62"]
[EventDate "2018.12.14"]
[EventType "swiss"]
[EventCountry "ESP"]
[SourceTitle "playchess.com"]
[Source "ChessBase"]
[SourceQuality "1"]
[TimeControl "40/5400+30:1800+30"]

1. d4 d5 2. Nf3 e6 3. Bf4 c5 4. e3 Nf6 5. c3 a6 6. Bd3 Bd6 7. Bg3 O-O 8. Nbd2 Nc6 9. Qc2 g6 10. Ne5 Nh5 11. O-O-O f5 12. Ndf3 c4 13. Be2 Na5 14. Bh4 Be7 15. Bxe7 Qxe7 16. h4 Nf6 17. Rh2 Ng4 18. Nxg4 fxg4 19. Ne5 Rxf2 20. Nxg4 Rf8 21. Ne5 Nc6 22. g4 Nxe5 23. dxe5 Qg7 24. Qd2 Qxe5 25. Rdh1 Bd7 26. Qd4 Qxd4 27. exd4 Rf4 28. Rf1 Raf8 29. Rxf4 Rxf4 30. Kd2 Kg7 31. g5 b6 1/2-1/2

[Event "V Sunway Sitges Open 2018"]
[Site "Sitges"]
[Date "2018.12.15"]
[Round "2"]
[White "Goormachtigh, Johan"]
[Black "Mabille, Natacha"]
[Result "1-0"]
[ECO "D52"]
[WhiteElo "2159"]
[BlackElo "1895"]
[Annotator "NA"]
[PlyCount "61"]
[EventDate "2018.12.14"]
[EventType "swiss"]
[EventCountry "ESP"]
[SourceTitle "playchess.com"]
[Source "ChessBase"]
[SourceQuality "1"]
[TimeControl "40/5400+30:1800+30"]

1. d4 d5 2. Nf3 Nf6 3. c4 c6 4. Nc3 e6 5. Bg5 Nbd7 6. e3 Be7 7. cxd5 Nxd5 8. Bxe7 Qxe7 9. Bd3 O-O 10. O-O b6 11. Nxd5 cxd5 12. Rc1 e5 13. dxe5 Nxe5 14. Nd4 Bg4 15. Be2 Qh4 16. Bxg4 Nxg4 17. Nf3 Qh5 18. Qd4 Rfe8 19. Rfd1 Nf6 20. Rc7 h6 21. Rdc1 Qf5 22. Qa4 a6 23. Nd4 Qe5 24. Qc2 Ne4 25. Nf3 Qf5 26. Qc6 b5 27. Qd7 Qh5 28. Rc8 Nf6 29. Qxe8+ Nxe8 30. Rxa8 Kf8 31. Rcc8 1-0

[Event "V Sunway Sitges Open 2018"]
[Site "Sitges"]
[Date "2018.12.15"]
[Round "2"]
[White "Maloberti, David"]
[Black "Minko, Olga"]
[Result "1/2-1/2"]
[ECO "D23"]
[WhiteElo "2122"]
[BlackElo "1737"]
[Annotator "NA"]
[PlyCount "100"]
[EventDate "2018.12.14"]
[EventType "swiss"]
[EventCountry "ESP"]
[SourceTitle "playchess.com"]
[Source "ChessBase"]
[SourceQuality "1"]
[TimeControl "40/5400+30:1800+30"]

1. d4 d5 2. c4 dxc4 3. Nf3 Nf6 4. Qa4+ Nbd7 5. Nc3 e6 6. e4 c6 7. Qxc4 a6 8. Bd3 b5 9. Qxc6 Ra7 10. Bf4 Bb7 11. Qc7 Qa8 12. O-O Be7 13. Qa5 Nxe4 14. Nxe4 Bxe4 15. Bxe4 Qxe4 16. Be3 Ra8 17. Rac1 O-O 18. Qc7 Qd5 19. Ne5 Rfd8 20. Nc6 Bd6 21. Qa5 Rdc8 22. Nb4 Bxb4 23. Qxb4 Qxa2 24. f4 Nb6 25. Rc5 Nd5 26. Qd2 Nxe3 27. Qxe3 Qxb2 28. f5 exf5 29. Re1 g6 30. d5 Rd8 31. Rd1 Qf6 32. Rc6 Qg7 33. Qc5 f4 34. d6 Qf8 35. Rd4 f3 36. gxf3 Rac8 37. Rc7 h5 38. Qc6 Rb8 39. d7 b4 40. Rb7 b3 41. Rc4 b2 42. Qb6 Rxb7 43. Qxb7 Rxd7 44. Qxb2 Rd1+ 45. Kg2 Qd8 46. Rc2 Qg5+ 47. Kh3 Qf5+ 48. Kg2 Qg5+ 49. Kh3 Qf5+ 50. Kg2 Qg5+ 1/2-1/2

[Event "V Sunway Sitges Open 2018"]
[Site "Sitges"]
[Date "2018.12.15"]
[Round "2"]
[White "Pedashenko, Anatoly"]
[Black "Martos Martin, Josep Angel"]
[Result "1-0"]
[ECO "B28"]
[WhiteElo "1985"]
[BlackElo "1831"]
[Annotator "NA"]
[PlyCount "75"]
[EventDate "2018.12.14"]
[EventType "swiss"]
[EventCountry "ESP"]
[SourceTitle "playchess.com"]
[Source "ChessBase"]
[SourceQuality "1"]
[TimeControl "40/5400+30:1800+30"]

1. e4 c5 2. Nf3 a6 3. b4 cxb4 4. a3 e6 5. axb4 Bxb4 6. c3 Be7 7. d4 d6 8. Bd3 Nc6 9. O-O Nf6 10. c4 Qb6 11. e5 dxe5 12. dxe5 Ng4 13. Qe2 Nd4 14. Nxd4 Qxd4 15. Bb2 Qf4 16. g3 Qg5 17. h3 h5 18. Kg2 Bd7 19. hxg4 hxg4 20. Nd2 Bb4 21. f4 gxf3+ 22. Nxf3 Bc6 23. Be4 Bxe4 24. Qxe4 Qe7 25. Rad1 a5 26. Bc1 a4 27. Bg5 Qc7 28. Rb1 Qc5 29. Qxb7 O-O 30. Qxb4 Qc6 31. Qb5 Qe4 32. Rbe1 Qc2+ 33. Rf2 Qc3 34. Bd2 Qd3 35. Qb1 Qxc4 36. Rh1 g6 37. Bg5 Rfb8 38. Bf6 1-0

[Event "V Sunway Sitges Open 2018"]
[Site "Sitges"]
[Date "2018.12.15"]
[Round "2"]
[White "Lohia, Sohum"]
[Black "Minko, Uliana"]
[Result "1-0"]
[ECO "C00"]
[WhiteElo "1686"]
[BlackElo "1303"]
[Annotator "NA"]
[PlyCount "49"]
[EventDate "2018.12.14"]
[EventType "swiss"]
[EventCountry "ESP"]
[SourceTitle "playchess.com"]
[Source "ChessBase"]
[SourceQuality "1"]
[TimeControl "40/5400+30:1800+30"]

1. e4 e6 2. b3 d5 3. Bb2 c5 4. exd5 exd5 5. Nf3 Nf6 6. Bb5+ Bd7 7. Bxd7+ Nbxd7 8. O-O Be7 9. d4 O-O 10. Re1 Re8 11. Nc3 a6 12. a4 Bd6 13. Rxe8+ Qxe8 14. dxc5 d4 15. cxd6 dxc3 16. Bxc3 Ne4 17. Bb2 f6 18. Qd5+ Kh8 19. Re1 Qc8 20. Qxe4 b5 21. axb5 axb5 22. Ra1 Rb8 23. Ra7 Qd8 24. Qe7 Nf8 25. Qxg7# 1-0

[Event "V Sunway Sitges Open 2018"]
[Site "Sitges"]
[Date "2018.12.15"]
[Round "2"]
[White "Tastambekov, Arsen"]
[Black "Chatton, Jean-Bernard"]
[Result "1/2-1/2"]
[ECO "B51"]
[WhiteElo "1271"]
[BlackElo "1643"]
[Annotator "NA"]
[PlyCount "114"]
[EventDate "2018.12.14"]
[EventType "swiss"]
[EventCountry "ESP"]
[SourceTitle "playchess.com"]
[Source "ChessBase"]
[SourceQuality "1"]
[TimeControl "40/5400+30:1800+30"]

1. e4 c5 2. Nf3 d6 3. Bb5+ Nc6 4. O-O Bd7 5. d3 g6 6. Nc3 Bg7 7. Be3 Nf6 8. h3 O-O 9. Qd2 a6 10. Bxc6 Bxc6 11. e5 Nd5 12. Nxd5 Bxd5 13. exd6 exd6 14. d4 Bxf3 15. gxf3 Qc7 16. c3 Rfe8 17. Rad1 Rad8 18. Rfe1 b5 19. Bg5 Rc8 20. Rxe8+ Rxe8 21. dxc5 dxc5 22. Bf4 Qc8 23. Kg2 c4 24. Qc2 Rd8 25. a4 h5 26. axb5 axb5 27. Ra1 Rd3 28. Qe2 Qc6 29. Bg3 Qd5 30. Bf4 Qc6 31. Bd2 Qd7 32. Bf4 Kh7 33. Be5 Qe6 34. Re1 Bxe5 35. Qxe5 Qc6 36. Qf4 Kg7 37. Qe5+ Kh7 38. Qf4 Kg7 39. Re7 Qf6 40. Qe4 Qg5+ 41. Kh2 Rd2 42. Qe1 Rxb2 43. Re2 Rxe2 44. Qxe2 Qd5 45. Kg2 Qd3 46. Qe5+ Kh7 47. Qf6 Kg8 48. Qe5 Qd7 49. Qb8+ Kg7 50. Qe5+ f6 51. Qc5 g5 52. h4 Kg6 53. hxg5 fxg5 54. Qb6+ Kg7 55. Qc5 Kg6 56. Qb6+ Kg7 57. Qc5 Kg6 1/2-1/2

[Event "V Sunway Sitges Open 2018"]
[Site "Sitges"]
[Date "2018.12.15"]
[Round "2"]
[White "Tateo, Ida"]
[Black "Vadillo, Torre Ismael"]
[Result "1-0"]
[ECO "C66"]
[WhiteElo "1206"]
[BlackElo "1616"]
[Annotator "NA"]
[PlyCount "71"]
[EventDate "2018.12.14"]
[EventType "swiss"]
[EventCountry "ESP"]
[SourceTitle "playchess.com"]
[Source "ChessBase"]
[SourceQuality "1"]
[TimeControl "40/5400+30:1800+30"]

1. e4 e5 2. Nf3 Nc6 3. Bb5 Nf6 4. O-O d6 5. Re1 Bd7 6. c3 a6 7. Ba4 Be7 8. d4 b5 9. Bc2 O-O 10. d5 Na7 11. Nbd2 c6 12. Nf1 h6 13. a4 cxd5 14. exd5 bxa4 15. Bxa4 Qa5 16. c4 e4 17. Bd2 Bxa4 18. Rxa4 Qc7 19. Nd4 Rfb8 20. b3 Qc5 21. Be3 Qc8 22. Ng3 Qb7 23. Ngf5 Bf8 24. Bf4 Rd8 25. Bd2 Rd7 26. Re3 Qb6 27. Bc3 g6 28. Rg3 Kh7 29. Ne3 Nh5 30. Rg4 f5 31. Rh4 f4 32. Ng4 Be7 33. Rh3 Re8 34. Ne6 Bg5 35. Nxg5+ hxg5 36. Nf6+ 1-0

[Event "V Sunway Sitges Open 2018"]
[Site "Sitges"]
[Date "2018.12.16"]
[Round "3"]
[White "Blechzin, Igor"]
[Black "Gluckman, Paul"]
[Result "1/2-1/2"]
[ECO "A05"]
[WhiteElo "2237"]
[BlackElo "1889"]
[Annotator "NA"]
[PlyCount "75"]
[EventDate "2018.12.14"]
[EventType "swiss"]
[EventCountry "ESP"]
[SourceTitle "playchess.com"]
[Source "ChessBase"]
[SourceQuality "1"]
[TimeControl "40/5400+30:1800+30"]

1. Nf3 Nf6 2. c4 g6 3. d4 Bg7 4. g3 c6 5. Bg2 O-O 6. O-O d5 7. Nbd2 Nbd7 8. Qc2 Nb6 9. b3 Bf5 10. Qd1 Ne4 11. Bb2 a5 12. cxd5 cxd5 13. Ne5 a4 14. Nxe4 Bxe4 15. Bh3 Qd6 16. Qd2 Bf5 17. Bxf5 gxf5 18. Bc3 Rfc8 19. Rac1 Bh6 20. e3 Nd7 21. Bb4 Nxe5 22. dxe5 Qxe5 23. bxa4 Rxc1 24. Rxc1 d4 25. Rc5 dxe3 26. Rxe5 exd2 27. Rd5 e6 28. Rd7 Rxa4 29. Bxd2 Bxd2 30. Rxd2 Rc4 31. Rb2 Rc7 32. Kg2 Kf8 33. Kf3 Ke7 34. Rb6 Kf6 35. a4 Ke5 36. h3 Kd5 37. g4 Ke5 38. Rb5+ 1/2-1/2

[Event "V Sunway Sitges Open 2018"]
[Site "Sitges"]
[Date "2018.12.16"]
[Round "3"]
[White "Dev, Shah"]
[Black "Munoz Suarez, Luis Alberto"]
[Result "1-0"]
[ECO "E85"]
[WhiteElo "2159"]
[BlackElo "1937"]
[Annotator "NA"]
[PlyCount "65"]
[EventDate "2018.12.14"]
[EventType "swiss"]
[EventCountry "ESP"]
[SourceTitle "playchess.com"]
[Source "ChessBase"]
[SourceQuality "1"]
[TimeControl "40/5400+30:1800+30"]

1. d4 Nf6 2. c4 g6 3. Nc3 Bg7 4. e4 d6 5. f3 O-O 6. Be3 e5 7. Nge2 Nh5 8. g4 Nf4 9. Nxf4 exf4 10. Bxf4 f5 11. gxf5 gxf5 12. Qd2 Qh4+ 13. Bg3 Qh5 14. Be2 fxe4 15. fxe4 Bg4 16. Rg1 Nc6 17. Bxg4 Qxg4 18. Bf2 Qh5 19. Qg5 Qxg5 20. Rxg5 Kh8 21. Rd1 Rf7 22. Rg2 Re8 23. Ke2 Na5 24. b3 c5 25. Rd3 Nc6 26. dxc5 Ne5 27. Rdg3 Ng6 28. Nd5 dxc5 29. Bxc5 b6 30. Bb4 Rxe4+ 31. Re3 Rxe3+ 32. Kxe3 Rd7 33. Ke4 1-0

[Event "V Sunway Sitges Open 2018"]
[Site "Sitges"]
[Date "2018.12.16"]
[Round "3"]
[White "Low, Kevin"]
[Black "Blasco Coll, Andreu"]
[Result "1-0"]
[ECO "B48"]
[WhiteElo "2072"]
[BlackElo "2240"]
[Annotator "NA"]
[PlyCount "55"]
[EventDate "2018.12.14"]
[EventType "swiss"]
[EventCountry "ESP"]
[SourceTitle "playchess.com"]
[Source "ChessBase"]
[SourceQuality "1"]
[TimeControl "40/5400+30:1800+30"]

1. e4 c5 2. Nf3 e6 3. d4 cxd4 4. Nxd4 Nc6 5. Nc3 Qc7 6. Be3 a6 7. Qd2 Nf6 8. O-O-O Be7 9. f3 h5 10. Kb1 b5 11. h4 Bb7 12. Bf4 e5 13. Nf5 exf4 14. Nd5 Qb8 15. Nxg7+ Kf8 16. Nf5 Qe5 17. Nxf4 Rd8 18. c4 bxc4 19. Bxc4 d5 20. Nxd5 Nxd5 21. Bxd5 Nb4 22. Nxe7 Qxe7 23. Qc3 Rh6 24. Bxb7 Rxd1+ 25. Rxd1 Qxb7 26. Qc5+ Kg7 27. Qe5+ Kh7 28. Rd8 1-0

[Event "V Sunway Sitges Open 2018"]
[Site "Sitges"]
[Date "2018.12.16"]
[Round "3"]
[White "Low, Ethan"]
[Black "Pedashenko, Anatoly"]
[Result "1/2-1/2"]
[ECO "B51"]
[WhiteElo "1885"]
[BlackElo "1985"]
[Annotator "NA"]
[PlyCount "80"]
[EventDate "2018.12.14"]
[EventType "swiss"]
[EventCountry "ESP"]
[SourceTitle "playchess.com"]
[Source "ChessBase"]
[SourceQuality "1"]
[TimeControl "40/5400+30:1800+30"]

1. e4 c5 2. Nf3 d6 3. Bb5+ Nd7 4. c3 Qa5 5. Bd3 Ngf6 6. Bc2 g6 7. O-O c4 8. Qe2 Nb6 9. Na3 Be6 10. Nd4 Bg4 11. f3 Bd7 12. Qf2 Bg7 13. d3 e5 14. Ne2 cxd3 15. Bxd3 O-O 16. Nc4 Nxc4 17. Bxc4 Rac8 18. Bb3 Be6 19. Be3 Nd7 20. Rfd1 Qa6 21. Ng3 Nc5 22. Bxe6 fxe6 23. Qe2 Qc6 24. c4 Na4 25. Rac1 Rfd8 26. b3 Nc5 27. Nh1 b6 28. Nf2 Qb7 29. Rc2 Na6 30. Rcd2 Qc7 31. Bg5 Rd7 32. Ng4 Rf8 33. Qe1 h5 34. Ne3 Qc5 35. Kh1 Nb8 36. Nc2 Qc7 37. Na3 a6 38. Be3 Nc6 39. Nc2 Bf6 40. Qg3 Kg7 1/2-1/2

[Event "V Sunway Sitges Open 2018"]
[Site "Sitges"]
[Date "2018.12.16"]
[Round "3"]
[White "Josep Lluis, Josep Lluis"]
[Black "Tateo, Ida"]
[Result "1-0"]
[ECO "E67"]
[WhiteElo "1759"]
[BlackElo "1206"]
[Annotator "NA"]
[PlyCount "105"]
[EventDate "2018.12.14"]
[EventType "swiss"]
[EventCountry "ESP"]
[SourceTitle "playchess.com"]
[Source "ChessBase"]
[SourceQuality "1"]
[TimeControl "40/5400+30:1800+30"]

1. d4 Nf6 2. c4 g6 3. g3 Bg7 4. Bg2 d6 5. Nc3 O-O 6. Nf3 Nbd7 7. O-O Re8 8. e4 e5 9. d5 Nc5 10. Re1 a5 11. a3 Bd7 12. Qc2 a4 13. Be3 Nb3 14. Rab1 Qc8 15. Nd2 Nxd2 16. Qxd2 Ng4 17. Rec1 Nxe3 18. Qxe3 Rf8 19. c5 Qd8 20. b4 f5 21. b5 f4 22. Qd3 Bg4 23. f3 Bd7 24. c6 Bc8 25. Qc4 fxg3 26. hxg3 Qg5 27. Nd1 b6 28. Rc2 Qxg3 29. Qe2 Bh3 30. Qf2 Qxg2+ 31. Qxg2 Bxg2 32. Kxg2 Rf4 33. Rb4 g5 34. Nb2 Raf8 35. Rc3 g4 36. fxg4 Rxg4+ 37. Rg3 Rgf4 38. Nd3 Rf1 39. Rxa4 Rb1 40. Ra7 Rff1 41. Rxc7 Rg1+ 42. Kh3 Rxg3+ 43. Kxg3 Rb3 44. Rd7 Rxd3+ 45. Kg4 Bf8 46. Rb7 Rxa3 47. Rxb6 Ra4 48. c7 Rxe4+ 49. Kf3 Rc4 50. Rc6 e4+ 51. Ke2 Rd4 52. c8=Q Rxd5 53. Qe6+ 1-0

[Event "V Sunway Sitges Open 2018"]
[Site "Sitges"]
[Date "2018.12.16"]
[Round "3"]
[White "Vadillo, Torre Ismael"]
[Black "Pifarre Gene, Joan Baptista"]
[Result "1/2-1/2"]
[ECO "D37"]
[WhiteElo "1616"]
[BlackElo "1456"]
[Annotator "NA"]
[PlyCount "88"]
[EventDate "2018.12.14"]
[EventType "swiss"]
[EventCountry "ESP"]
[SourceTitle "playchess.com"]
[Source "ChessBase"]
[SourceQuality "1"]
[TimeControl "40/5400+30:1800+30"]

1. d4 d5 2. c4 e6 3. Nc3 Nf6 4. Nf3 Nc6 5. Bg5 Be7 6. e3 a6 7. a4 O-O 8. Be2 Rb8 9. O-O Ne4 10. Bxe7 Nxe7 11. Qc2 Nxc3 12. Qxc3 c6 13. c5 Ng6 14. Bd3 f5 15. g3 Qf6 16. a5 h5 17. h4 Bd7 18. Be2 Nh8 19. Ne5 Be8 20. f4 g6 21. Qb3 Nf7 22. Bxa6 Nxe5 23. dxe5 Qe7 24. Qb4 Bf7 25. Be2 Rfd8 26. Qd4 Qc7 27. b4 Ra8 28. Ra2 Rdb8 29. Rfa1 Be8 30. Ra3 Bd7 31. R1a2 Bc8 32. Kg2 Ra7 33. Qa1 Rba8 34. Qd4 Bd7 35. Qb2 Kf7 36. Kf2 Rb8 37. Qd4 Ke7 38. Kf3 Be8 39. Bd3 Bd7 40. Qb2 Kd8 41. Ke2 Ke7 42. Kd2 Bc8 43. Kc3 Qd7 44. Kd4 Rba8 1/2-1/2

[Event "V Sunway Sitges Open 2018"]
[Site "Sitges"]
[Date "2018.12.16"]
[Round "3"]
[White "Bolat, Inayat"]
[Black "Peredo Claros, Luis Gabriel"]
[Result "1-0"]
[ECO "C02"]
[WhiteElo "1262"]
[BlackElo "1813"]
[Annotator "NA"]
[PlyCount "111"]
[EventDate "2018.12.14"]
[EventType "swiss"]
[EventCountry "ESP"]
[SourceTitle "playchess.com"]
[Source "ChessBase"]
[SourceQuality "1"]
[TimeControl "40/5400+30:1800+30"]

1. e4 e6 2. d4 d5 3. e5 c5 4. dxc5 Bxc5 5. Qg4 Bf8 6. Nf3 Nc6 7. Bd3 Nge7 8. O-O Ng6 9. Re1 Nb4 10. Bd2 Nxd3 11. cxd3 Be7 12. Nc3 O-O 13. d4 Bd7 14. Bg5 f6 15. exf6 Bxf6 16. Bxf6 Qxf6 17. Rad1 Rae8 18. Nxd5 Qd8 19. Nc3 e5 20. Qg3 exd4 21. Nxd4 Rxe1+ 22. Rxe1 Qb6 23. Nb3 a5 24. Nd5 Qb5 25. Ne7+ Nxe7 26. Rxe7 g6 27. Qc3 Rf7 28. Rxf7 Kxf7 29. Nxa5 Qf5 30. Qf3 Qxf3 31. gxf3 b6 32. Nc4 Be6 33. Nxb6 Bxa2 34. Kg2 Bb3 35. Kg3 Kf6 36. h4 h6 37. f4 Kf5 38. Kf3 Bd1+ 39. Kg3 Bb3 40. f3 h5 41. Nd7 Bc2 42. Nc5 Kf6 43. b4 Ke7 44. b5 Kd6 45. b6 Kc6 46. b7 Kc7 47. Kf2 Kb8 48. Ke3 Bd1 49. Ke4 Kc7 50. f5 Bc2+ 51. Nd3 gxf5+ 52. Kxf5 Bxd3+ 53. Kg5 Be2 54. f4 Bf3 55. f5 Kxb7 56. f6 1-0

[Event "V Sunway Sitges Open 2018"]
[Site "Sitges"]
[Date "2018.12.17"]
[Round "4"]
[White "Xu, Xiangyu"]
[Black "O`Donnell, Conor"]
[Result "1-0"]
[ECO "B12"]
[WhiteElo "2565"]
[BlackElo "2346"]
[Annotator "ChessBase"]
[PlyCount "75"]
[EventDate "2018.12.14"]
[EventType "swiss"]
[EventCountry "ESP"]
[SourceTitle "playchess.com"]
[Source "ChessBase"]
[SourceQuality "1"]
[TimeControl "40/5400+30:1800+30"]

1. e4 c6 2. d4 d5 3. f3 dxe4 4. fxe4 e5 5. Nf3 Bg4 6. Bc4 Nd7 7. c3 Bh5 8. O-O Ngf6 9. Bg5 Bd6 10. Nbd2 O-O 11. Qe1 Qc7 12. Kh1 Rfe8 13. Nh4 Rad8 14. Nf5 Bg6 15. Qh4 Bf8 16. Bb3 b5 17. Rae1 c5 18. d5 c4 19. Bc2 Rb8 20. a3 Rec8 21. Rf3 a5 22. Nf1 b4 23. axb4 axb4 24. Ba4 Bxf5 25. Rxf5 bxc3 26. bxc3 Qa5 27. Bc6 Qxc3 28. h3 Qa3 29. Ne3 c3 30. Ref1 Qb4 31. Bxd7 Nxd7 32. Rxf7 Nc5 33. Be7 Qxe4 34. Ng4 Bxe7 35. Rxg7+ Kxg7 36. Qxe7+ Kh8 37. Qf6+ Kg8 38. Nh6# 1-0

[Event "V Sunway Sitges Open 2018"]
[Site "Sitges"]
[Date "2018.12.17"]
[Round "4"]
[White "Dragnev, Valentin"]
[Black "Peralta, Fernando"]
[Result "1/2-1/2"]
[ECO "A15"]
[WhiteElo "2483"]
[BlackElo "2584"]
[Annotator "ChessBase"]
[PlyCount "61"]
[EventDate "2018.12.14"]
[EventType "swiss"]
[EventCountry "ESP"]
[SourceTitle "playchess.com"]
[Source "ChessBase"]
[SourceQuality "1"]
[TimeControl "40/5400+30:1800+30"]

1. c4 Nf6 2. Nf3 e6 3. g3 d5 4. d4 Bb4+ 5. Nc3 O-O 6. Bg2 dxc4 7. O-O Nc6 8. Qa4 Nd5 9. Qc2 Be7 10. Rd1 b6 11. e4 Ncb4 12. Qd2 Nxc3 13. Qxc3 Bb7 14. Ne1 b5 15. b3 cxb3 16. Qxb3 a5 17. a3 a4 18. Qc3 Nc6 19. Bb2 b4 20. axb4 Bxb4 21. Qc4 a3 22. Bc3 Ra4 23. d5 Bxc3 24. Qxc3 exd5 25. exd5 Na5 26. Rxa3 Rxa3 27. Qxa3 Nc4 28. Qc5 Nd6 29. Rc1 Re8 30. Nd3 Re7 31. h4 1/2-1/2

[Event "V Sunway Sitges Open 2018"]
[Site "Sitges"]
[Date "2018.12.17"]
[Round "4"]
[White "Krishna Teja, N."]
[Black "Beliavsky, Alexander G"]
[Result "1-0"]
[ECO "D10"]
[WhiteElo "2340"]
[BlackElo "2544"]
[Annotator "ChessBase"]
[PlyCount "80"]
[EventDate "2018.12.14"]
[EventType "swiss"]
[EventCountry "ESP"]
[SourceTitle "playchess.com"]
[Source "ChessBase"]
[SourceQuality "1"]
[TimeControl "40/5400+30:1800+30"]

1. d4 d5 2. c4 c6 3. Nc3 dxc4 4. e3 b5 5. a4 b4 6. Ne4 Qd5 7. Nd2 Ba6 8. Qc2 c3 9. bxc3 Bxf1 10. Kxf1 e6 11. c4 Qh5 12. Ngf3 a5 13. c5 Nf6 14. h3 Be7 15. Kg1 O-O 16. g4 Qd5 17. e4 Qd8 18. Nc4 Qc7 19. Bg5 Rd8 20. Bxf6 gxf6 21. Qc1 Nd7 22. g5 f5 23. e5 Nxc5 24. dxc5 Bxc5 25. Kg2 Rd3 26. Qf4 Rad8 27. Rac1 Qa7 28. Rhf1 b3 29. Nb2 R3d5 30. Qc4 Rb8 31. Nd3 Bf8 32. Rb1 Qd7 33. Nf4 Rb4 34. Nxd5 cxd5 35. Qd3 Qxa4 36. Rfc1 b2 37. Rc8 Kg7 38. Rc7 Rc4 39. Rb7 Ba3 40. Rb3 Rc1 1-0

[Event "V Sunway Sitges Open 2018"]
[Site "Sitges"]
[Date "2018.12.17"]
[Round "4"]
[White "Cruz, Filemon"]
[Black "Romanishin, Oleg M"]
[Result "1/2-1/2"]
[ECO "E15"]
[WhiteElo "2289"]
[BlackElo "2451"]
[Annotator "ChessBase"]
[PlyCount "73"]
[EventDate "2018.12.14"]
[EventType "swiss"]
[EventCountry "ESP"]
[SourceTitle "playchess.com"]
[Source "ChessBase"]
[SourceQuality "1"]
[TimeControl "40/5400+30:1800+30"]

1. d4 Nf6 2. c4 e6 3. Nf3 b6 4. g3 Ba6 5. b3 Bb7 6. Bg2 Bb4+ 7. Bd2 a5 8. O-O O-O 9. Bf4 a4 10. Nbd2 d5 11. Qc2 Nc6 12. Rad1 Be7 13. Qb2 Ra7 14. Ne5 Qa8 15. cxd5 Nxe5 16. Bxe5 Bxd5 17. e4 Nxe4 18. Bxe4 Bxe4 19. d5 Bxd5 20. Bxg7 axb3 21. Bh6 f6 22. Bxf8 Rxa2 23. Qc3 Kxf8 24. Qxc7 Rc2 25. Qf4 b2 26. Rfe1 Qc6 27. Nf1 Ba2 28. h4 b1=Q 29. Rxb1 Bxb1 30. Rxb1 Qc5 31. Ra1 Qf5 32. Qxf5 exf5 33. Ne3 Rc5 34. Ra7 b5 35. Rb7 Re5 36. Kg2 f4 37. gxf4 1/2-1/2

[Event "V Sunway Sitges Open 2018"]
[Site "Sitges"]
[Date "2018.12.17"]
[Round "4"]
[White "Skagseth, Havard M"]
[Black "Linsenmeyer, Mario"]
[Result "0-1"]
[ECO "C42"]
[WhiteElo "2002"]
[BlackElo "2172"]
[Annotator "NA"]
[PlyCount "84"]
[EventDate "2018.12.14"]
[EventType "swiss"]
[EventCountry "ESP"]
[SourceTitle "playchess.com"]
[Source "ChessBase"]
[SourceQuality "1"]
[TimeControl "40/5400+30:1800+30"]

1. e4 e5 2. Nf3 Nf6 3. Nxe5 d6 4. Nf3 Nxe4 5. Nc3 Nxc3 6. dxc3 Be7 7. Be3 O-O 8. Qd2 Nd7 9. O-O-O Nf6 10. Bd3 c5 11. Rhe1 d5 12. Kb1 b5 13. Ne5 Bd6 14. Bg5 c4 15. Bf1 Be6 16. Nc6 Qb6 17. Bxf6 gxf6 18. Nd4 Rfe8 19. Qh6 Bf8 20. Qxf6 Bg7 21. Qf4 Bd7 22. Rxe8+ Rxe8 23. Qd2 b4 24. Ka1 bxc3 25. bxc3 Rb8 26. Qc1 Bh6 27. Qa3 Bf8 28. Qc1 Qa5 29. Qe3 Qb6 30. Qc1 h6 31. Ne2 Be6 32. Qb1 Qc7 33. Qc1 Kh7 34. g3 Qa5 35. Qf4 Qb6 36. Qc1 Rb7 37. Bg2 Qa5 38. Bxd5 Bxd5 39. Qf4 Qb5 40. Qc1 Bf3 41. Nd4 Qa5 42. Qe3 Qb6 0-1